 Dungeon Crawl Stone Soup version 0.31-a0-229-g1fc7ce93e2 (webtiles) character file.

Game seed: 6601673104836916903

186 qw the Shooter (level 5, -2/45 HPs)
             Began as a Minotaur Hexslinger on July 6, 2023.
             Killed from afar by Ijyb (14 damage)
             ... with a bolt of dispelling energy
             ... on level 4 of the Dungeon.
             The game lasted 00:01:03 (2743 turns).

qw the Shooter (Minotaur Hexslinger)                Turns: 2743, Time: 00:01:04

Health: -2/45      AC:  5    Str: 12    XL:     5   Next: 38%
Magic:  5/5        EV: 11    Int: 10    God:
Gold:   154        SH:  0    Dex: 15    Spells: 5/6 levels left

rFire   . . .        Y - +1 sling
rCold   . . .        (no shield)
rNeg    . . .        d - +0 ring mail
rPois   .            (helmet restricted)
rElec   .            (no cloak)
rCorr   .            (no gloves)
SInv    .            (no boots)
Will    .....        (no amulet)
Stlth   +            (no ring)
HPRegen 0.27/turn    (no ring)
MPRegen 0.09/turn

%: no passive effects
@: no status effects
A: horns 2, retaliatory headbutt
a: no special abilities


You were on level 4 of the Dungeon.
You visited 1 branch of the dungeon, and saw 4 of its levels.

You collected 154 gold pieces.


Innate Abilities, Weirdness & Mutations

You have a pair of horns on your head.
You reflexively headbutt those who attack you in melee.


   Skills:
 - Level 3.0 Fighting
 + Level 5.5 Ranged Weapons
 - Level 1.0 Armour
 - Level 2.1 Dodging
 - Level 1.0 Spellcasting
 - Level 2.0 Hexes


You had 5 spell levels left.
You knew the following spells:

 Your Spells              Type           Power      Damage    Failure   Level
a - Slow                  Hex            16%        N/A       34%         1

Your spell library contained the following spells:

 Spells                   Type           Power      Damage    Failure   Level
 Inner Flame              Hex/Fire       2%         N/A       83%         3
 Portal Projectile        Hex/Tloc       4%         N/A       83%         3
 Cause Fear               Hex            2%         N/A       98%         4

Inventory:

Hand Weapons
 Y - a +1 sling (weapon)
Armour
 d - a +0 ring mail (worn)
Scrolls
 a - 2 scrolls of teleportation
 b - a scroll of identify
Potions
 c - 2 potions of haste
 h - a potion of curing {unknown}
 i - a potion of resistance {unknown}

Dungeon Overview and Level Annotations

Branches:
Dungeon (4/15)
 Temple: D:4-7

Altars:

Annotations:
D:4 Ijyb, Robin


Message History

The goblin hits you but does no damage. The goblin closely misses you.
The goblin barely misses you. x2; The goblin hits you with a +0 dagger.
The goblin barely misses you. You furiously retaliate!
You headbutt the goblin!
You kill the goblin!
The goblin completely misses you. The goblin misses you.
The goblin barely misses you.
Robin's bangles clink loudly.
The goblin barely misses you. The goblin closely misses you.
The jackal moves out of view.
You shoot a sling bullet.
The sling bullet closely misses the goblin.
The goblin hits you but does no damage. x3; The goblin barely misses you. x2
You furiously retaliate!
You headbutt the goblin. The goblin completely misses you.
You furiously retaliate!
You headbutt the goblin.
You kill the goblin!
You shoot a sling bullet. The sling bullet hits the goblin!
You kill the goblin!
The goblin misses you. The goblin barely misses you.
The goblin hits you with a +0 dagger. The goblin completely misses you.
The hobgoblin closely misses you. You furiously retaliate!
You headbutt the hobgoblin!
You kill the hobgoblin!
You shoot a sling bullet.
The sling bullet closely misses the goblin.
The goblin no longer looks unusually strong.
The goblin hits you but does no damage. The goblin closely misses you.
The goblin hits you but does no damage. Robin throws the goblin at you!
The goblin closely misses you. x2; You furiously retaliate!
You headbutt the goblin. The goblin hits you with a +0 club.
You shoot a sling bullet. The sling bullet hits the goblin.
You kill the goblin!
The goblin no longer looks unusually strong.
Robin hits you with a +0 vampiric short sword.
The goblin hits you but does no damage. The goblin barely misses you.
Ijyb barely misses you.
You shoot a sling bullet.
The sling bullet hits Ijyb but does no damage.
Ijyb zaps a wand.
The bolt of dispelling energy hits you!
You die...

... .... #+# .... #.
#.# ..... #.. #.##.....
###.. #)ggg....
.....#+##@g##
........gg).'.... ..
..........)#.... .....
.##.......#.... ......
+...........#
.......####...#....####
..............#....#
..............#....#
....................#


You could see Ijyb (strong), Robin and 4 goblins.

Vanquished Creatures
  5 gnolls
  6 adders
  2 worms
  An orc (D:3)
  10 endoplasms
  4 giant cockroaches
  8 goblins
  5 hobgoblins
  8 jackals
  3 quokkas
  9 ball pythons
  6 bats
  4 kobolds
  4 rats
75 creatures vanquished.

Notes
Turn   | Place    | Note
-------+----------+-------------------------------------------
     0 | D:1      | qw the Minotaur Hexslinger began the quest for the Orb.
     0 | D:1      | Reached XP level 1. HP: 16/16 MP: 1/1
     0 | D:1      | 0 ||| qw: Version: 0.3-a-46-gb1f654a
     0 | D:1      | 0 ||| qw: Game counter: 1379
     0 | D:1      | 0 ||| qw: Melee chars always use a shield: true
     0 | D:1      | 0 ||| qw: God list: Okawaru
     0 | D:1      | 0 ||| qw: Allow faded altars: false
     0 | D:1      | 0 ||| qw: Do Orc after clearing Dungeon:15 true
     0 | D:1      | 0 ||| qw: Do second Lair branch before Depths: true
     0 | D:1      | 0 ||| qw: Lair rune preference: random
     0 | D:1      | 0 ||| qw: Goals: Normal
     0 | D:1      | 0 ||| PLANNING D:1-11
   142 | D:1      | 142 ||| Stepping ~*~*~tactically~*~*~ (outnumbered).
   145 | D:1      | Reached skill level 3 in Ranged Weapons
   147 | D:1      | HP: 1/16 [gnoll/+0 flail (7)]
   150 | D:1      | Reached XP level 2. HP: 3/24 MP: 2/2
   498 | D:1      | Reached XP level 3. HP: 29/29 MP: 3/3
   706 | D:1      | 706 ||| UPGRADING to +0 ring mail.
   716 | D:1      | 716 ||| DROPPING +0 robe.
   717 | D:1      | 717 ||| READING 2 scrolls labelled FENWUM WYLO.
   718 | D:1      | 718 ||| READING scroll labelled FIUNAB MEGA NERELA.
   719 | D:1      | 719 ||| READING scroll labelled FICKEQ HAAC.
   723 | D:1      | 723 ||| DRINKING 2 coppery potions.
   768 | D:1      | 768 ||| DROPPING scroll of noise.
   769 | D:1      | 769 ||| DROPPING scroll of poison.
   770 | D:1      | 770 ||| DROPPING potion of lignification.
   894 | D:2      | Reached skill level 4 in Ranged Weapons
  1098 | D:2      | Reached skill level 1 in Armour
  1221 | D:2      | Reached XP level 4. HP: 34/36 MP: 4/4
  1285 | D:2      | 1285 ||| READING 3 scrolls labelled FYONECV DUFAD.
  1286 | D:2      | 1286 ||| READING 2 scrolls of identify.
  1286 | D:2      | 1286 ||| IDENTIFYING inky potion
  1315 | D:3      | 1315 ||| FLEEEEING.
  1319 | D:3      | 1319 ||| STAIRDANCE
  1323 | D:2      | HP: 8/36 [gnoll/+0 club (3)]
  1324 | D:2      | 1324 ||| DRINKING potion of heal wounds.
  1329 | D:2      | 1329 ||| READING 2 scrolls of identify.
  1329 | D:2      | 1329 ||| IDENTIFYING bubbling purple potion
  1336 | D:3      | 1336 ||| STAIRDANCE
  1376 | D:3      | 1376 ||| STAIRDANCE
  1401 | D:3      | 1401 ||| STAIRDANCE
  1430 | D:3      | 1430 ||| STAIRDANCE
  1487 | D:3      | 1487 ||| STAIRDANCE
  1548 | D:3      | 1548 ||| STAIRDANCE
  1573 | D:3      | Reached skill level 5 in Ranged Weapons
  1859 | D:3      | Reached XP level 5. HP: 43/44 MP: 5/5
  1962 | D:3      | Reached skill level 3 in Fighting
  2517 | D:3      | 2517 ||| READING scroll labelled YCHURI QUSHRIO.
  2592 | D:3      | 2592 ||| READING 3 scrolls labelled TUPNOK JAAV.
  2593 | D:3      | 2593 ||| READING 2 scrolls of identify.
  2593 | D:3      | 2593 ||| IDENTIFYING black potion
  2594 | D:3      | 2594 ||| DROPPING potion of attraction.
  2595 | D:3      | 2595 ||| DROPPING 2 scrolls of fog.
  2732 | D:4      | Noticed Robin
  2734 | D:4      | Noticed Ijyb
  2743 | D:4      | Killed from afar by Ijyb

Levels and vault maps discovered:
D:1:      giann_horns, layout_basic
D:2:      layout_basic
D:3:      layout_basic, kennysheep_generic_room_10
D:4:      black_bear_nest_1, layout_basic, uniq_ijyb, uniq_pikel, uniq_pargi,
          uniq_robin, uniq_sigmund

Skill      XL: |  1  2  3  4  5 |
---------------+----------------+-----
Ranged Weapons | 3 4 5 |  5.5
Fighting       | 2 3 |  3.0
Armour         | 1 |  1.0
Dodging        | |  2.1
Spellcasting   | |  1.0
Hexes          | |  2.0

Action                     |  1- 3 |  4- 6 || total
---------------------------+-------+-------++-------
   Fire: Sling             |   105 |   142 ||   247
    Use: Scroll            |     3 |     6 ||     9
         Potion            |     1 |     1 ||     2
 Armour: Robe              |     2 |       ||     2
         Ring mail         |    19 |    41 ||    60
  Dodge: Dodged            |    31 |    84 ||   115

Table legend:
 A = Non-vault XP
 B = Vault XP
 C = Vault XP percentage of total XP
 D = Non-vault monster count
 E = Vault monster count
 F = Vault count percentage of total count
                 A         B        C        D         E       F
            +---------+---------+-------+---------+---------+-------
      Total |     251 |      15 |   5.6 |      67 |       8 |  10.7
            +---------+---------+-------+---------+---------+-------
        D:1 |      45 |       0 |   0.0 |      20 |       0 |   0.0
        D:2 |      88 |       0 |   0.0 |      21 |       0 |   0.0
        D:3 |      95 |       2 |   2.1 |      20 |       1 |   4.8
        D:4 |      23 |      13 |  36.1 |       6 |       7 |  53.8
            +---------+---------+-------+---------+---------+-------
